 Dungeon Crawl Stone Soup version 0.31-a0-219-g8d62b2e7bb (webtiles) character file.

Game seed: 9016597542725168543

8029 vineage the Fighter (level 11, -1/73 HPs)
             Began as a Gargoyle Fighter on July 3, 2023.
             Was a High Priest of Okawaru.
             Killed from afar by an ice dragon (19 damage)
             ... with a blast of cold
             ... on level 11 of the Dungeon.
             The game lasted 00:10:58 (8262 turns).

vineage the Fighter (Gargoyle Fighter)              Turns: 8262, Time: 00:10:59

Health: -1/73      AC: 28    Str: 28    XL:     11   Next: 24%
Magic:  14/15      EV: 10    Int:  9    God:    Okawaru [*****.]
Gold:   180        SH:  6    Dex:  9    Spells: 10/10 levels left

rFire   . . .        F - +12 whip "Pekky Ose" {freeze, rElec Str+4}
rCold   . . .        c - +0 buckler
rNeg    + . .        L - +0 chain mail
rPois   ∞            G - +0 helmet
rElec   +            (no cloak)
rCorr   +            k - +1 pair of gloves
SInv    .            h - +2 pair of boots
Will    .....        z - amulet of the acrobat Stlth
                     H - ring of resist corrosion
HPRegen 0.32/turn    (no ring)
MPRegen 0.14/turn

%: acrobat
@: heroic
A: sickness immunity, AC +8, negative energy resistance 1, electricity
resistance, torment resistance 1, petrification resistance
a: Renounce Religion, Heroism, Finesse, Duel


You were on level 11 of the Dungeon.
You worshipped Okawaru.
Okawaru was extremely pleased with you.
You visited 1 branch of the dungeon, and saw 10 of its levels.
You also visited: Sewer.

You collected 397 gold pieces.
You spent 217 gold pieces at shops.

Inventory:

Hand Weapons
 a - a +0 flail
 x - a +1 whip of freezing
 y - a +1 heavy flail
 F - the +12 whip "Pekky Ose" (weapon) {freeze, rElec Str+4}
   (You bought it in a shop on level 4 of the Dungeon)

   Str:       It affects your strength (+4).
   rElec:     It insulates you from electricity.
Armour
 c - a +0 buckler (worn)
 h - a +2 pair of boots (worn)
 k - a +1 pair of gloves (worn)
 G - a +0 helmet (worn)
 L - a +0 chain mail (worn)
Jewellery
 s - a ring of magical power
 z - an amulet of the acrobat (around neck)
 B - an amulet of guardian spirit
 H - a ring of resist corrosion (left hand)
Wands
 f - a wand of flame (3)
 m - a wand of acid (10)
 n - a wand of digging (4)
 t - a wand of roots (13)
 D - a wand of mindburst (17)
 K - a wand of paralysis (6)
Scrolls
 j - 2 scrolls of vulnerability
 o - 2 scrolls of teleportation
 r - a scroll of fog
 I - a scroll of fear
 J - a scroll of amnesia
Potions
 d - a potion of might
 e - a potion of heal wounds
 g - a potion of enlightenment
 i - 2 potions of lignification
 l - 4 potions of cancellation
 p - a potion of berserk rage {unknown}
 q - a potion of curing {unknown}
 u - 2 potions of haste
 v - a potion of brilliance {unknown}
 w - a potion of degeneration {unknown}
 A - a potion of resistance
 C - 4 potions of mutation {unknown}
 E - a potion of attraction {unknown}


   Skills:
 * Level 10.8(15.8) Fighting
 * Level 9.8(14.8) Maces & Flails
 + Level 7.9(12.9) Armour
 + Level 7.9(12.9) Shields
 - Level 5.8 Invocations


You had 10 spell levels left.
You didn't know any spells.
Your spell library contained the following spells:

 Spells                   Type           Power      Damage    Failure   Level
 Kiss of Death            Conj/Necr      0%         2d5       82%         1
 Confusing Touch          Hex            0%         N/A       99%         3
 Dispel Undead            Necr           0%         3d6       100%        4


Dungeon Overview and Level Annotations

Branches:
Dungeon (11/15)            Temple (0/1) D:5            Lair (0/5) D:8
  Sewer (visited)
    Orc: D:9-12

Altars:
Ashenzari
Cheibriados
Elyvilon
Fedhas
Makhleb
Nemelex Xobeh
Okawaru
Qazlal
Sif Muna
Uskayaw

Shops:
D:2 =   D:3 *   D:4 (*:

Portals:
Ice
Cave: D:11

Annotations:
D:3 2 transporters
D:9 GrimJard's ghost, journeyman MeFi


Innate Abilities, Weirdness & Mutations

You are immune to sickness and miasma.
Your stone body is resilient. (AC +8)
You are immune to poison.
You resist negative energy. (rN+)
You are resistant to electric shocks. (rElec)
You are resistant to unholy torment.
You are immune to petrification.


Message History

The ice dragon is heavily wounded.
You completely miss the ice dragon.
The ice dragon is heavily wounded.
The ice dragon bites you.
The ice dragon claws you but does no damage.
The ice dragon barely misses you.
You barely miss the ice dragon.
The ice dragon is heavily wounded.
You hit the ice dragon.
The ice dragon is severely wounded.
The ice dragon closely misses you.
The ice dragon claws you but does no damage.
The ice dragon tramples you but does no damage.
You whack the ice dragon!
The ice dragon is severely wounded.
You whack the ice dragon!
The ice dragon is almost dead.
The ice dragon breathes frost at you. The blast of cold hits you!
You hit the ice dragon.
The ice dragon is almost dead.
You hit the ice dragon.
The ice dragon is almost dead.
The ice dragon closely misses you.
The ice dragon claws you but does no damage.
The ice dragon tramples you but does no damage.
You hit the ice dragon.
The ice dragon is almost dead.
You closely miss the ice dragon.
The ice dragon is almost dead.
The ice dragon barely misses you. The ice dragon claws you!
* * * LOW HITPOINT WARNING * * *
The ice dragon barely misses you.
You hit the ice dragon.
The ice dragon is almost dead.
You closely miss the ice dragon.
The ice dragon is almost dead.
The ice dragon breathes frost at you. The blast of cold hits you!!
You die...

#...................#
##.#.#.#.............
#........#..........
#.#.#.#..#...>......
..........#..........
.....####.###.####...
##.## .## ##.# #@##
#D#


hh# ##.. ... .... .∩.. .....# You could see an ice dragon (catching breath) and
2 polar bears.

Vanquished Creatures
  Erica (D:8)
  The ghost of Cris the Dealer of Despair, a novice DsNe of Kikubaaqudgha (D:7)
  Pikel (D:4)
  Joseph (D:8)
  A komodo dragon (D:8)
  A polar bear (D:11)
  A troll (D:11)
  9 yaks
  2 vampires
  Eustachio (D:5)
  A steam dragon (D:9)
  Menkaure (D:4)
  5 water moccasins
  2 orc warriors
  A black bear (D:8)
  2 ice beasts (D:7)
  A sky beast (D:3)
  3 centaurs
  2 wolves (D:11)
  2 kobold brigands
  4 bullfrogs
  3 scorpions
  5 wights (D:7)
  4 killer bees (D:7)
  4 howler monkeys
  5 hounds (D:5)
  4 jellies
  4 orc priests
  Ijyb (D:3)
  3 orc wizards
  7 iguanas
  A hell rat (Sewer)
  Robin (D:4)
  12 adders
  2 river rats
  A white imp (D:7)
  An ufetubus (D:7)
  A worm (D:4)
  3 dart slugs
  14 orcs
  7 ball pythons
  9 bats
  6 endoplasms
  2 giant cockroaches
  8 hobgoblins
  8 jackals
  9 quokkas
  4 frilled lizards
  26 goblins
  12 kobolds
  11 rats
221 creatures vanquished.

Notes
Turn   | Place    | Note
-------+----------+-------------------------------------------
     0 | D:1      | vineage the Gargoyle Fighter began the quest for the Orb.
     0 | D:1      | Reached XP level 1. HP: 14/14 MP: 1/1
   116 | D:1      | Reached XP level 2. HP: 16/19 MP: 2/2
   336 | D:1      | Reached XP level 3. HP: 19/24 MP: 3/3
  1057 | D:2      | Reached skill level 4 in Fighting
  1120 | D:2      | Found Zeebytir's Jewellery Shop.
  1216 | D:2      | Reached XP level 4. HP: 26/29 MP: 4/4
  1885 | D:3      | Found a transporter.
  1894 | D:3      | Reached XP level 5. HP: 34/34 MP: 5/5
  1934 | D:3      | Found a glowing drain.
  1953 | Sewer    | Entered a sewer
  2131 | D:3      | Found a stormy altar of Qazlal.
  2131 | D:3      | Noticed a sky beast
  2153 | D:3      | Killed a sky beast
  2154 | D:3      | Reached skill level 5 in Fighting
  2154 | D:3      | Reached XP level 6. HP: 36/40 MP: 6/6
  2226 | D:3      | Found a sparkling altar of Nemelex Xobeh.
  2262 | D:3      | Found a shimmering blue altar of Sif Muna.
  2312 | D:3      | Noticed Ijyb
  2341 | D:3      | Killed Ijyb
  2469 | D:3      | Found a transporter.
  2492 | D:3      | Found Xaucyas's General Store.
  2501 | D:3      | Noticed a kobold demonologist
  2846 | D:4      | Found Fiacs's Antique Weapon Shop.
  2876 | D:4      | Found an iron altar of Okawaru.
  2907 | D:4      | Became a worshipper of Warmaster Okawaru
  2928 | D:4      | Noticed Robin
  2930 | D:4      | Noticed Menkaure
  2953 | D:4      | Reached XP level 7. HP: 37/44 MP: 7/7
  2983 | D:4      | Killed Menkaure
  2990 | D:4      | Killed Robin
  3150 | D:4      | Found Qiklap's General Store.
  3158 | D:4      | Reached * piety under Okawaru
  3159 | D:4      | Reached skill level 6 in Fighting
  3159 | D:4      | Reached skill level 5 in Maces & Flails
  3211 | D:4      | Noticed Pikel
  3251 | D:4      | HP: 1/46 [Pikel/+1 whip of freezing (4)]
  3252 | D:4      | Killed Pikel
  3253 | D:4      | Reached skill level 7 in Fighting
  3253 | D:4      | Reached skill level 5 in Armour
  3253 | D:4      | Reached skill level 5 in Shields
  3253 | D:4      | Reached XP level 8. HP: 1/53 MP: 8/8
  3806 | D:4      | Found Eryudghor's Book Shop.
  3874 | D:5      | Entered Level 5 of the Dungeon
  3889 | D:5      | Found a staircase to the Ecumenical Temple.
  3938 | D:5      | Noticed Eustachio
  3947 | D:5      | Killed Eustachio
  4284 | D:5      | Reached ** piety under Okawaru
  4286 | D:5      | Reached XP level 9. HP: 59/59 MP: 9/9
  4523 | D:5      | Reached skill level 8 in Fighting
  5111 | D:6      | Reached skill level 1 in Invocations
  5613 | D:4      | Bought a warped whip for 217 gold pieces
  5613 | D:4      | Identified the +12 whip "Pekky Ose" {freeze, rElec Str+4}
                  | (You bought it in a shop on level 4 of the Dungeon)
  6212 | D:7      | Reached *** piety under Okawaru
  6224 | D:7      | Reached skill level 9 in Fighting
  6280 | D:7      | Reached XP level 10. HP: 66/66 MP: 12/12
  6363 | D:7      | Found a runed translucent door.
  6363 | D:7      | Noticed Cris's ghost (novice DsNe)
  7190 | D:7      | Killed Cris's ghost
  7190 | D:7      | Reached **** piety under Okawaru
  7252 | D:8      | Reached skill level 5 in Invocations
  7400 | D:8      | Found a staircase to the Lair.
  7431 | D:8      | Reached skill level 10 in Fighting
  7433 | D:8      | Noticed Erica
  7453 | D:8      | Killed Erica
  7576 | D:8      | Noticed Joseph
  7583 | D:8      | Reached ***** piety under Okawaru
  7594 | D:8      | Killed Joseph
  7595 | D:8      | Reached XP level 11. HP: 70/73 MP: 15/15
  7921 | D:8      | Found a hide-covered altar of Uskayaw.
  7968 | D:9      | Noticed GrimJard's ghost (journeyman MeFi)
  8127 | D:9      | Found a broken altar of Ashenzari.
  8128 | D:9      | Found a burning altar of Makhleb.
  8128 | D:9      | Found a blossoming altar of Fedhas.
  8130 | D:9      | Found a white marble altar of Elyvilon.
  8130 | D:9      | Found a snail-covered altar of Cheibriados.
  8159 | D:9      | You fall into a shaft and drop 2 floors!
  8223 | D:11     | Found a frozen archway.
  8225 | D:11     | Noticed an ice dragon
  8245 | D:11     | Received a gift from Okawaru
  8262 | D:11     | Killed from afar by an ice dragon

Illustrated notes

Levels and vault maps discovered:
D:1:      minmay_arrival_up_and_down, layout_loops_cross, hex_large,
          minmay_misc_feat_nine_boxes, serial_bayou_lagoon_b
D:2:      minmay_evil_eye, layout_loops_ring, serial_shops,
          nicolae_shop_gibbet_a_chance, minmay_misc_feat_ornament,
          kennysheep_another_room
D:3:      gammafunk_wand_slinger, layout_loops_cross,
          nicolae_qazlal_beasts_of_the_sky, overflow_temple_1_default,
          lemuel_tele_altar, cheibrodos_sewer_entry_sluice, serial_shops,
          nicolae_shop_tiny_real_fake_doors, corexii_item_surrounded_by_moat,
          uniq_ijyb
D:4:      layout_basic, mainiacjoe_overflow_surrounded_room, serial_shops, shop,
          shop, shop, serial_park_tiny_1, uniq_robin, uniq_pikel, uniq_menkaure
D:5:      layout_loops_ring, minmay_temple_entry_hall, dk_noncrumbling_4,
          small_statue_intersection, grunt_ministairs_4, chequers_avenue,
          kennysheep_generic_room_7, uniq_eustachio
D:6:      layout_basic
D:7:      layout_basic, gammafunk_ghost_grave, chequers_serial_rivers_micro_b
D:8:      layout_basic, nicolae_uskayaw_dance_hall, due_lair_maze_entry_diamond,
          uniq_joseph, uniq_erica
D:9:      layout_long_grid, grunt_temple_overflow_open, gammafunk_ghost_icy,
          amcnicky_mini_rare_corridor_liquid, st_stairs_4, amethyst_killhole
D:11:     layout_rooms, serial_glass, glass_columns_b, glass_columns_a,
          glass_columns_b, glass_columns_a, glass_columns_c, glass_columns_a,
          glass_columns_b, glass_columns_b,
          portal_ice_cave_entry_animals_and_master, minmay_librarian

Skill      XL: |  1  2  3  4  5  6  7  8  9 10 |
---------------+-------------------------------+-----
Fighting       | 4 5 7 9 10 | 10.8
Maces & Flails | 3 4 6 8 9 |  9.8
Armour         | 4 5 6 7 |  7.9
Shields        | 4 5 6 7 |  7.9
Invocations    | 3 5 |  5.8

Action                     |  1- 3 |  4- 6 |  7- 9 | 10-12 || total
---------------------------+-------+-------+-------+-------++-------
  Melee: Flail             |   194 |   230 |   194 |       ||   618
         Whip              |       |       |    71 |   183 ||   254
 Invoke: Heroism           |       |       |     2 |     3 ||     5
    Use: Scroll            |     3 |     3 |     7 |     2 ||    15
         Potion            |       |     2 |     3 |     1 ||     6
 Armour: Scale mail        |   130 |   131 |   181 |    45 ||   487
         Chain mail        |       |       |       |    21 ||    21
  Dodge: Dodged            |   127 |   104 |   119 |    71 ||   421
  Block: Buckler           |    55 |    56 |    79 |    26 ||   216

Table legend: (Time is in decaauts)
 A = Elapsed time spent in this place.
 B = Non-inter-level travel time spent in this place.
 C = Inter-level travel time spent in this place.
 D = Time resting spent in this place.
 E = Time spent auto-exploring this place.
 F = Levels seen in this place.
 G = Mean time per level.
                   A        B        C        D        E       F      G
               +--------+--------+--------+--------+--------+-----+--------+
         Total |   8411 |   7818 |    593 |    624 |   5467 |  11 |  764.6 |
       Dungeon |   8301 |   7708 |    593 |    624 |   5428 |  10 |  830.1 |
         Sewer |    109 |    109 |      0 |      0 |     39 |   1 |  109.0 |
               +--------+--------+--------+--------+--------+-----+--------+

Top non-repeatable levels by time:
     D:7: 1343 daAuts
     D:5: 1203 daAuts
     D:4: 1148 daAuts
     D:1: 1067 daAuts
     D:3: 906 daAuts
     D:2: 903 daAuts
     D:6: 725 daAuts
     D:8: 721 daAuts
     D:9: 196 daAuts
   Sewer: 109 daAuts
    D:11: 85 daAuts
